 Dungeon Crawl Stone Soup version 0.29.0-4-gdea44cf6ec (webtiles) character file.

Game seed: 9162181827472759208

127 Shayle the Sneak (level 5, 0/32 HPs)
             Began as a Tengu Brigand on Aug 28, 2022.
             Slain by a gnoll
             ... wielding a +0 whip
              (5 damage)
             ... on level 3 of the Dungeon.
             The game lasted 00:03:54 (2802 turns).

Shayle the Sneak (Tengu Brigand)                    Turns: 2802, Time: 00:03:59

Health: 0/32       AC:  5    Str: 13 (15) XL:     5   Next: 11%
Magic:  8/8        EV:  7    Int:  9 (12) God:
Gold:   155        SH:  0    Dex: 10 (13) Spells: 5/7 levels left

rFire   . . .      SeeInvis .   g - +4 whip
rCold   . . .      Faith    .   (no shield)
rNeg    . . .      Spirit   .   b - +0 robe
rPois   .          Reflect  .   (helmet restricted)
rElec   .          Harm     .   c - +0 cloak
rCorr   .          Rampage  .   (no gloves)
Will    .....                   (boots unavailable)
Stlth   ++........              (no amulet)
HPRegen 0.10/turn               (no ring)
MPRegen 0.11/turn               (no ring)

@: lethally poisoned (0 -> -17), flying quickly and evasively, held, invisible,
quick
A: beak, talons 3, nimble flight, iridescent scales 1, clumsy 1, strong 1
a: no special abilities


You were on level 3 of the Dungeon.
You visited 1 branch of the dungeon, and saw 3 of its levels.

You collected 155 gold pieces.

Inventory:

Hand Weapons
 a - a +2 dagger
 g - a +4 whip (weapon)
Missiles
 d - 15 poisoned darts (quivered)
 e - 3 curare-tipped darts
Armour
 b - a +0 robe (worn)
 c - a +0 cloak (worn)
Magical Staves
 l - a staff of conjuration
Scrolls
 n - 3 scrolls of identify {unknown}
 o - a scroll of fear {unknown}
 s - a scroll of silence {unknown}
Potions
 f - a potion of lignification
 h - a potion of might {unknown}
 i - a potion of berserk rage {unknown}
 j - a potion of curing {unknown}
 k - a potion of heal wounds {unknown}
 m - a potion of mutation
 p - a potion of invisibility
 r - a potion of brilliance {unknown}


   Skills:
 + Level 3.0 Fighting
 - Level 2.1 Short Blades
 - Level 2.0 Throwing
 + Level 2.5 Dodging
 + Level 4.6 Stealth
 + Level 1.7 Spellcasting
 + Level 1.4 Fire Magic


You had 5 spell levels left.
You knew the following spells:

 Your Spells              Type           Power      Damage    Failure   Level
a - Scorch                Fire           6%         2d5       28%         2

Your spell library contained the following spells:

 Spells                   Type           Power      Damage    Failure   Level
 Flame Wave               Conj/Fire      2%         2d4       95%         4
 Summon Cactus Giant      Summ           0%         N/A       100%        6


Dungeon Overview and Level Annotations

Branches:
Dungeon (3/15)

Altars:

Annotations:
D:2 1 runed translucent door, Crazy Yiuf


Innate Abilities, Weirdness & Mutations

You have a beak for a mouth.
You have claws for feet.
Your magical nature lets you fly swiftly and evasively.
You are partially covered in iridescent scales. (AC +2)
You are clumsy. (Dex -2)
Your muscles are strong. (Str +4, Int/Dex -1)


Message History

You feel sick.
You fly upwards.
Level annotation: 1 runed translucent door, Crazy Yiuf You feel sick.
There is a stone staircase leading down here.
You start resting.
You feel sick.
You are no longer poisoned.
You start resting.
HP restored.
You fly downwards.
The gnoll misses you.
The gnoll throws a throwing net.
The throwing net hits you.
You become entangled in the net!
The gnoll hits you with a +0 whip! The gnoll closely misses you.
There is a stone staircase leading up here.
You see here a throwing net.
Unknown command.
Okay, then.
Okay, then.
You aren't carrying any items that you can evoke.
Unknown command.
It was a potion of mutation.
You feel extremely strange.
You feel stronger.
You feel clumsy.
Iridescent scales grow over part of your body.
The gnoll completely misses you. The gnoll hits you but does no damage.
It was a potion of invisibility.
You fade into invisibility!
The gnoll closely misses you. x2
You struggle against the net.
The gnoll barely misses you. The gnoll hits you but does no damage.
You struggle against the net.
The gnoll misses you. The gnoll hits you with a +0 club!
The gnoll hits you from afar with a +2 spear of venom!
You are lethally poisoned!
Unknown command.
It was a potion of degeneration.
There was something very wrong with that liquid.
You feel weakened.
You feel dopey.
You feel clumsy.
* * * LOW HITPOINT WARNING * * *
You feel very sick. The gnoll hits you with a +0 whip.
You die...

#.[.## #[..........
#######....######.#.##.#.
#.................#.##.#.
#...g).....########.##...
#..####)#.## #.#####
#..####.#... ... ..
#.)...g.##### ### ##
#..####g######## # #..#
#g@....... # #..#
########## # #..# #..#
#..########
########..........
.........#########
########.#########.#
#.........#.#


You could see 3 gnolls.

Vanquished Creatures
  Jessica (D:2)
  A gnoll (D:3)
  4 adders
  2 worms (D:2)
  A dart slug (D:1)
  An orc (D:3)
  A ball python (D:3)
  3 endoplasms
  6 goblins
  4 hobgoblins
  4 jackals (D:3)
  7 kobolds
  A quokka (D:1)
  6 bats
  3 frilled lizards
  2 rats
47 creatures vanquished.

Notes
Turn   | Place    | Note
-------+----------+-------------------------------------------
     0 | D:1      | Shayle the Tengu Brigand began the quest for the Orb.
     0 | D:1      | Reached XP level 1. HP: 12/12 MP: 2/2
    89 | D:1      | Reached XP level 2. HP: 17/17 MP: 3/3
   735 | D:1      | Found a faded altar of an unknown god.
   969 | D:2      | Reached skill level 1 in Spellcasting
   969 | D:2      | Reached XP level 3. HP: 6/22 MP: 5/5
   985 | D:1      | Learned a level 2 spell: Scorch
  1228 | D:2      | Noticed Jessica
  1242 | D:2      | Found a runed translucent door.
  1243 | D:2      | Noticed Crazy Yiuf
  1298 | D:2      | Killed Jessica
  1299 | D:2      | Reached XP level 4. HP: 18/27 MP: 6/6
  1573 | D:2      | Reached skill level 1 in Fire Magic
  2522 | D:3      | Gained mutation: Your magical nature lets you fly swiftly
                  | and evasively. [Tengu growth]
  2522 | D:3      | Reached XP level 5. HP: 28/32 MP: 8/8
  2798 | D:3      | Gained mutation: Your muscles are strong. (Str +4, Int/Dex
                  | -1) [potion of mutation]
  2798 | D:3      | Gained mutation: You are clumsy. (Dex -2) [potion of
                  | mutation]
  2798 | D:3      | Gained mutation: You are partially covered in iridescent
                  | scales. (AC +2) [potion of mutation]
  2802 | D:3      | Slain by a gnoll

Illustrated notes

Levels and vault maps discovered:
D:1:      amcnicky_arrival_single_pillar, layout_basic,
          ebering_ecumenical_altar_box
D:2:      layout_rooms, uniq_crazy_yiuf_cottage, uniq_jessica
D:3:      layout_loops_ring, kennysheep_slug_shrine

Skill      XL: |  1  2  3  4  5 |
---------------+----------------+-----
Spellcasting   | 1 |  1.7
Dodging        | 2 |  2.5
Fire Magic     | 1 |  1.4
Fighting       | 3 |  3.0
Short Blades   | |  2.1
Throwing       | |  2.0
Stealth        | |  4.6

Action                   |  1- 3 |  4- 6 || total
-------------------------+-------+-------++-------
Melee: Dagger            |    17 |       ||    17
       Kick              |     9 |    17 ||    26
       Peck              |     4 |     8 ||    12
       Whip              |    31 |    50 ||    81
       Punch             |     1 |     1 ||     2
  Use: Potion            |     1 |     3 ||     4
 Stab: Sleeping          |     6 |     3 ||     9
       Distracted        |       |     1 ||     1
Armor: Robe              |    11 |    10 ||    21
       Skin              |     5 |       ||     5
Dodge: Dodged            |    21 |    30 ||    51
